 Dungeon Crawl Stone Soup version 0.22-a0-803-gd6d8abe (webtiles) character file.

9711 Aviak the Cleaver (level 11, -11/102 HPs)
             Began as a Minotaur Berserker on July 22, 2018.
             Was a Priest of Trog.
             Mangled by a death knight
             ... wielding a +1 broad axe
              (19 damage)
             ... on level 9 of the Dungeon.
             The game lasted 00:09:37 (7329 turns).

Aviak the Cleaver (Minotaur Berserker)              Turns: 7329, Time: 00:09:39

Health: -11/102    AC: 13    Str: 28    XL:     11   Next: 26%
Magic:  10/10      EV: 17    Int:  4    God:    Trog [***...]
Gold:   431        SH:  5    Dex: 10    Spells: 10/10 levels left

rFire    . . .     SeeInvis +   V - +0 broad axe (curse)
rCold    . . .     Gourm    .   j - +0 buckler
rNeg     . . .     Faith    .   F - +3 ring mail of Huher {rPois Str-2 SInv}
rPois    +         Spirit   .   (helmet restricted)
rElec    .         Reflect  .   T - +0 cloak
rCorr    .         Harm     .   h - +0 pair of gloves
MR       ++...                  (no boots)
Stlth    ..........             G - amulet of rage
HPRegen  1.27/turn              Q - ring of see invisible
MPRegen  0.12/turn              M - +3 ring of evasion

@: mighty, berserk cooldown, regenerating, slowed, very slow
A: retaliatory headbutt, horns 2
a: Berserk, Trog's Hand, Renounce Religion, Evoke Berserk Rage


You were on level 9 of the Dungeon.
You worshipped Trog.
Trog was most pleased with you.
You were not hungry.

You visited 1 branch of the dungeon, and saw 9 of its levels.

You collected 447 gold pieces.
You spent 16 gold pieces at shops.

Inventory:

Hand Weapons
 a - a +0 hand axe
 I - a +0 war axe
 O - a +4 scimitar of flaming
 V - a cursed +0 broad axe (weapon)
Armour
 h - a +0 pair of gloves (worn)
 j - a +0 buckler (worn)
 w - a +2 scale mail of cold resistance
 F - the +3 ring mail of Huher (worn) {rPois Str-2 SInv}
   (You found it on level 5 of the Dungeon)

   It affects your strength (-2).
   It protects you from poison.
   It lets you see invisible.
 T - a +0 cloak (worn)
Jewellery
 b - the ring of Terch {rC+ EV+3, unknown}
   (You took it off an orc on level 9 of the Dungeon)

   [ring of evasion]

   It affects your evasion (+3).
   It protects you from cold.
 p - an uncursed ring of positive energy
 G - an amulet of rage (around neck)
 M - a +3 ring of evasion (right hand)
 Q - a ring of see invisible (left hand)
Wands
 y - a wand of random effects (30)
 E - a wand of disintegration (9)
 K - a wand of flame (33)
 S - a wand of paralysis (10)
Scrolls
 f - 4 scrolls of teleportation
 o - 2 scrolls of fog
 s - 4 scrolls of magic mapping
 u - 5 scrolls of remove curse
 v - 2 scrolls of immolation
 H - a scroll of blinking {unknown}
 N - a scroll of silence {unknown}
 P - a scroll of enchant armour {unknown}
 R - a scroll of enchant weapon {unknown}
Potions
 d - a potion of haste
 l - 2 potions of might
 m - 2 potions of lignification {unknown}
 n - 2 potions of magic {unknown}
 r - a potion of ambrosia {unknown}
 t - a potion of agility {unknown}
 x - a potion of degeneration {unknown}
 z - 3 potions of curing {unknown}
 A - a potion of brilliance {unknown}
 B - a potion of cancellation {unknown}
 D - 4 potions of heal wounds {unknown}
Comestibles
 c - 18 rations


   Skills:
 * Level 11.2 Fighting
 * Level 11.3 Axes
 * Level 10.7 Armour
 + Level 7.0 Dodging
 + Level 7.2 Shields


You had 10 spell levels left.
You didn't know any spells.
Your spell library was empty.

Dungeon Overview and Level Annotations

Branches:
Dungeon (9/15)             Temple (0/1) D:7
   Lair: D:8-11         Orc: D:9-12

Altars:
Ashenzari
Cheibriados
Fedhas
Hepliaklqana
Makhleb
Okawaru
Ru
Trog
Xom

Shops:
D:4 **   D:8 (

Portals:
Sewer: D:6


Innate Abilities, Weirdness & Mutations

You reflexively headbutt those who attack you in melee.
You have a pair of horns on your head.


Message History

The death knight is severely wounded.
The death knight reflects your damage back at you!
The death knight completely misses you.
Unknown command.
You closely miss the death knight. You headbutt the death knight!
The death knight is severely wounded.
The death knight reflects your damage back at you!
The death knight hits you with an enchanted broad axe!
* * * LOW HITPOINT WARNING * * *
Unknown command.
Evoke which item? (* to show all) (? for menu, Esc to quit)
Okay, then.
Okay, then.
Your skin crawls.
You feel resistant to hostile enchantments.
You feel quite a bit more hungry.
The death knight hits you with an enchanted broad axe!
* * * LOW HITPOINT WARNING * * *
The death knight hits you with an enchanted broad axe!!
You die...

...#...#...<.##.....##
...#.#...............##
...#.#................#
#.##.#................#
#.....................#
##.#.#................#
#.#.#........)..)....#
#...#............<...#
#...##.........@....##
###..###.....#)p....##
.##..# #.##....######
..#..# #.##...## .##..#
#.##...#
..#..###.##...#
.#'....[.....##
..#......#.#.#
.##........#.#


You could see a death knight.

Vanquished Creatures
  Erica (D:8)
  4 two-headed ogres (D:9)
  A tengu warrior (D:9)
  Maurice (D:8)
  A troll (D:9)
  Prince Ribbit (D:8)
  2 wyverns
  A shadow (D:9)
  4 yaks (D:8)
  A steam dragon (D:8)
  A water moccasin (D:5)
  An orc warrior (D:7)
  3 ice beasts
  3 sky beasts
  2 phantoms
  2 black bears
  5 ogres
  4 centaurs
  6 bullfrogs
  3 killer bees (D:8)
  2 howler monkeys
  3 crimson imps
  A bullfrog zombie (D:5)
  A centaur zombie (D:9)
  A jelly (D:6)
  2 orc priests
  5 orc wizards
  5 bullfrog skeletons
  2 centaur skeletons
  3 hounds
  Jessica (D:2)
  2 iguanas (D:7)
  Natasha (D:2)
  5 worker ants
  A hound zombie (D:7)
  7 gnolls
  12 adders
  3 river rats (D:6)
  4 shadow imps
  2 oozes
  An adder zombie (D:6)
  2 adder skeletons
  3 worms
  3 dart slugs
  4 leopard geckos
  18 orcs
  4 giant cockroaches
  12 goblins
  4 hobgoblins
  4 jackals (D:1)
  4 kobolds
  4 quokkas
  A ball python (D:1)
  11 bats
  5 frilled lizards
  2 leopard gecko skeletons
  A quokka zombie (D:8)
  5 rats
198 creatures vanquished.

Vanquished Creatures (collateral kills)
  A two-headed ogre (D:9)
  A troll (D:9)
  A bullfrog (D:9)
3 creatures vanquished.

Grand Total: 201 creatures vanquished

Notes
Turn   | Place    | Note
-------+----------+-------------------------------------------
     0 | D:1      | Aviak the Minotaur Berserker began the quest for the Orb.
     0 | D:1      | Reached XP level 1. HP: 19/19 MP: 0/0
   289 | D:1      | Reached XP level 2. HP: 27/27 MP: 1/1
   693 | D:2      | Reached ** piety under Trog
   736 | D:2      | Noticed Jessica
   742 | D:2      | Killed Jessica
   742 | D:2      | Reached XP level 3. HP: 31/33 MP: 2/2
   792 | D:2      | Reached XP level 4. HP: 37/41 MP: 3/3
   834 | D:2      | Reached skill level 1 in Shields
   846 | D:2      | Found an iron altar of Okawaru.
  1179 | D:2      | Found a bloodstained altar of Trog.
  1220 | D:2      | Noticed Natasha
  1230 | D:2      | Killed Natasha
  1309 | D:3      | Reached skill level 5 in Axes
  1349 | D:3      | Reached XP level 5. HP: 25/47 MP: 4/4
  1721 | D:3      | Reached *** piety under Trog
  1915 | D:4      | Found Hipailoa's Armour Boutique.
  2007 | D:4      | Reached skill level 5 in Fighting
  2058 | D:4      | Found Voiruir's General Store.
  2376 | D:4      | Found Cidiadot's Assorted Antiques.
  2498 | D:4      | Reached XP level 6. HP: 56/56 MP: 5/5
  2605 | D:5      | Entered Level 5 of the Dungeon
  2605 | D:5      | Noticed a sky beast
  2615 | D:5      | Killed a sky beast
  2751 | D:5      | Noticed a water moccasin
  2757 | D:5      | Killed a water moccasin
  2757 | D:5      | Reached XP level 7. HP: 62/62 MP: 6/6
  2762 | D:5      | Reached skill level 5 in Armour
  3013 | D:5      | Reached **** piety under Trog
  3034 | D:5      | Got a translucent ring mail
  3045 | D:5      | Identified the +3 ring mail of Huher {rPois Str-2 SInv} (You found it on level 5 of the Dungeon)
  3337 | D:6      | Found a blossoming altar of Fedhas.
  3338 | D:6      | Found a burning altar of Makhleb.
  3339 | D:6      | Found a sacrificial altar of Ru.
  3368 | D:6      | Reached XP level 8. HP: 57/71 MP: 7/7
  3583 | D:6      | Found a shattered altar of Ashenzari.
  3889 | D:6      | Found a glowing drain.
  4008 | D:7      | Found a staircase to the Ecumenical Temple.
  4109 | D:7      | Reached XP level 9. HP: 60/81 MP: 8/8
  4368 | D:7      | Found a shimmering altar of Xom.
  4385 | D:7      | Reached skill level 5 in Dodging
  4414 | D:7      | Reached skill level 5 in Shields
  5204 | D:8      | Noticed Prince Ribbit
  5244 | D:8      | Killed Prince Ribbit
  5272 | D:8      | Noticed Erica
  5280 | D:8      | Killed Erica
  5280 | D:8      | Reached ***** piety under Trog
  5280 | D:8      | Reached XP level 10. HP: 55/91 MP: 9/9
  5286 | D:8      | Found a hazy altar of Hepliaklqana.
  5390 | D:8      | Found a snail-covered altar of Cheibriados.
  5399 | D:8      | Noticed Maurice
  5415 | D:8      | Reached skill level 10 in Axes
  5418 | D:8      | Killed Maurice
  5504 | D:8      | Reached skill level 10 in Fighting
  5516 | D:8      | Found Cahem's Weapon Boutique.
  5519 | D:8      | Bought a cursed +0 broad axe for 16 gold pieces
  5775 | D:9      | Noticed a two-headed ogre
  5784 | D:9      | Killed a two-headed ogre
  5801 | D:9      | Noticed a two-headed ogre
  5817 | D:9      | HP: 1/93 [two-headed ogre/giant club (9)]
  5819 | D:9      | Killed a two-headed ogre
  6185 | D:9      | Reached skill level 10 in Armour
  6206 | D:9      | Noticed a tengu warrior
  6210 | D:9      | Noticed a two-headed ogre
  6225 | D:9      | Killed a tengu warrior
  6229 | D:9      | Killed a two-headed ogre
  6229 | D:9      | Reached XP level 11. HP: 97/101 MP: 10/10
  6270 | D:9      | Noticed a two-headed ogre
  6275 | D:9      | Killed a two-headed ogre
  6277 | D:9      | Noticed a two-headed ogre
  6680 | D:9      | Killed a two-headed ogre
  7019 | D:9      | Got a scintillating platinum ring
  7029 | D:9      | Noticed a death knight
  7038 | D:9      | HP: 3/102 [death knight/enchanted broad axe (18)]
  7329 | D:9      | Mangled by a death knight

Vault maps used:
D:1:      mrwooster_arrival_arrow
D:2:      lightli_temple_of_fire, okawaru_gym_becter, uniq_jessica, uniq_natasha
D:3:      first_ration, serial_bayou_ford_a, grunt_ministairs_8
D:4:      serial_shops, shop, shop, nicolae_shop_statue_plus
D:5:      st_stairs_3, serial_bayou_pond_b
D:6:      chequers_temple_overflow_statue_of_worship, gup_sewer_entry_bubbles
D:7:      brannock_xom_greatest_gift, minmay_temple_entry_from_below_a,
          serial_co_window_serial, co_window_of_opportunity_a,
          co_window_paths_b, co_window_paths_b, co_window_paths_a,
          co_window_paths_b, co_window_paths_a, co_window_corner_a,
          co_window_paths_b, co_window_paths_a, co_window_corner_b,
          co_window_2corner, co_window_paths_c, co_window_broadway_a,
          co_window_broadway_b
D:8:      kennysheep_little_box, kennysheep_mini, serial_shops,
          kennysheep_mini_moat, uniq_maurice, uniq_prince_ribbit1, uniq_erica
D:9:      minmay_the_grid_plus_closed, lemuel_crystal_altar

Skill      XL: |  1  2  3  4  5  6  7  8  9 10 11 |
---------------+----------------------------------+-----
Axes           | 4 5 6 8 9 11 | 11.3
Fighting       | 4 5 6 8 9 10 11 | 11.2
Armour         | 3 4 5 7 9 10 | 10.7
Shields        | 1 2 3 4 5 6 7 |  7.2
Dodging        | 3 4 5 6 7 |  7.0

Action                   |  1- 3 |  4- 6 |  7- 9 | 10-12 || total
-------------------------+-------+-------+-------+-------++-------
Melee: Hand axe          |    62 |   163 |   135 |       ||   360
       Headbutt          |     6 |    31 |    52 |    30 ||   119
       War axe           |       |       |   159 |    17 ||   176
       Broad axe         |       |       |       |   103 ||   103
Invok: Berserk           |       |     1 |     3 |     4 ||     8
       Brothers in Arms  |       |       |       |     5 ||     5
       Trog's Hand       |       |       |       |     3 ||     3
Evoke: Wand              |       |       |       |     2 ||     2
  Use: Scroll            |       |       |       |     7 ||     7
       Potion            |       |       |       |     2 ||     2
 Stab: Distracted        |       |       |       |     1 ||     1
  Eat: Chunk             |       |     6 |     8 |     1 ||    15
       Ration            |       |       |     1 |     4 ||     5
Armor: Chain mail        |    38 |    54 |       |       ||    92
       Scale mail        |       |    17 |    13 |       ||    30
       Ring mail         |       |       |    67 |    45 ||   112
Dodge: Dodged            |    35 |    76 |   164 |   112 ||   387
Block: Buckler           |     8 |    22 |    50 |    38 ||   118

Table legend:
 A = Spawn XP
 B = Non-spawn XP
 C = Spawn XP percentage of total XP
 D = Spawn monster count
 E = Non-spawn monster count
 F = Spawn count percentage of total count
 G = Total turns spent on level
                    A         B        C        D         E        F      G
               +---------+---------+-------+---------+---------+-------+---------
         Total |       0 |   13874 |   0.0 |       0 |     201 |   0.0 |  7329
               +---------+---------+-------+---------+---------+-------+---------
           D:1 |       0 |      31 |   0.0 |       0 |      17 |   0.0 |   681
           D:2 |       0 |     142 |   0.0 |       0 |      25 |   0.0 |   614
           D:3 |       0 |      71 |   0.0 |       0 |      16 |   0.0 |   620
           D:4 |       0 |     145 |   0.0 |       0 |      10 |   0.0 |   690
           D:5 |       0 |     807 |   0.0 |       0 |      28 |   0.0 |   684
           D:6 |       0 |    1184 |   0.0 |       0 |      25 |   0.0 |   643
           D:7 |       0 |    1468 |   0.0 |       0 |      26 |   0.0 |  1016
           D:8 |       0 |    3550 |   0.0 |       0 |      24 |   0.0 |  1420
           D:9 |       0 |    6476 |   0.0 |       0 |      30 |   0.0 |   961
               +---------+---------+-------+---------+---------+-------+---------
